 Dungeon Crawl Stone Soup version 0.27-a0-1084-g78b3836a5f (webtiles) character file.

Game seed: 3905076919716855167

441 snetch the Conjurer (level 6, 0/32 HPs)
             Began as a Deep Elf Conjurer on Apr 27, 2021.
             Slain by an orc
             ... wielding a +0 hand axe
              (1 damage)
             ... on level 3 of the Dungeon.
             The game lasted 00:09:58 (3004 turns).

snetch the Conjurer (Deep Elf Conjurer)             Turns: 3004, Time: 00:09:59

Health: 0/32       AC:  5    Str:  3 (4)  XL:     6   Next: 71%
Magic:  3/16       EV: 11    Int: 23 (25) God:
Gold:   123        SH:  0    Dex: 16 (19) Spells: 4/16 levels left

rFire    + . .     SeeInvis .   a - +3 quarterstaff (chaos)
rCold    + . .     Faith    .   (shield currently unavailable)
rNeg     . . .     Spirit   .   e - +0 leather armour
rPois    +         Reflect  .   (no helmet)
rElec    +         Harm     .   u - +0 cloak
rCorr    +         Rampage  .   (no gloves)
Will     .....                  h - +0 pair of boots
Stlth    ++........             (no amulet)
HPRegen  0.10/turn              o - +6 ring of dexterity
MPRegen  0.15/turn              (no ring)

@: resistant, attractive, flying
A: no striking features
a: no special abilities


You were on level 3 of the Dungeon.
You visited 1 branch of the dungeon, and saw 4 of its levels.

You collected 123 gold pieces.

Inventory:

Hand Weapons
 a - a +3 quarterstaff of chaos (weapon)
 b - a +0 dagger
Missiles
 c - 20 arrows
 g - 109 stones
 p - 62 bolts
 r - 3 atropa-tipped darts
 y - 11 poisoned darts
Armour
 e - a +0 leather armour (worn)
 h - a +0 pair of boots (worn)
 i - a +0 scale mail
 u - a +0 cloak (worn)
Magical Staves
 q - a staff of earth
Jewellery
 o - a +6 ring of dexterity (left hand)
Wands
 s - a wand of digging (3)
 x - a wand of flame (47)
Scrolls
 f - a scroll of teleportation {unknown}
 j - a scroll of summoning {unknown}
 k - a scroll of blinking {unknown}
 m - 2 scrolls of identify {unknown}
 w - a scroll of brand weapon {unknown}
 z - 2 scrolls of amnesia {unknown}
 A - a scroll of fear {unknown}
Potions
 t - a potion of might {unknown}
 v - 2 potions of flight
 B - a potion of brilliance {unknown}


   Skills:
 + Level 2.0 Armour
 + Level 3.0 Dodging
 + Level 2.8 Stealth
 + Level 5.9 Spellcasting
 + Level 6.7 Conjurations


You had 4 spell levels left.
You knew the following spells:

 Your Spells              Type           Power      Damage    Failure   Level
a - Magic Dart            Conj           100%       1d8       1%          1
b - Searing Ray           Conj           76%        3d6       1%          2
c - Dazzling Flash        Conj/Hex       44%        N/A       12%         3
d - Animate Skeleton      Necr           12%        N/A       17%         1
e - Apportation           Tloc           12%        N/A       17%         1
f - Fulminant Prism       Conj/Hex       11%        3d9       38%         4

Your spell library contained the following spells:

 Spells                   Type           Power      Damage    Failure   Level
 Corona                   Hex            6%         N/A       17%         1
 Summon Small Mammal      Summ           24%        N/A       17%         1
 Iskenderun's Mystic Bla  Conj/Tloc      22%        2d6       38%         4


Dungeon Overview and Level Annotations

Branches:
Dungeon (4/15)
 Temple: D:4-7

Altars:
Ru

Annotations:
D:1 lava hatch
D:3 1 runed translucent door, LuckyCharm's ghost, weakling GnAM


Message History

The spell is quite dangerous to cast (10% risk of failure)!
Continue anyway?
Okay, then.
Casting: Dazzling Flash (quite dangerous; 10% risk of failure)
Confirm with . or Enter, or press ? or * to list all spells.
The spell is quite dangerous to cast (10% risk of failure)!
Continue anyway?
The orc is dazzled. x2; The adder is dazzled.
The orc misses you.
An orc priest comes into view. It is wielding a +0 club.
An orc priest comes into view. It is wielding a +0 short sword.
The orc hits you with a +0 club.
* * * LOW HITPOINT WARNING * * *
Unknown command.
An orc comes into view. It is wielding a +0 club.
The orc hits you but does no damage.
Unknown command.
It was a potion of degeneration.
There was something very wrong with that liquid.
You feel weakened.
You feel dopey.
You feel clumsy. The orc misses you. The orc barely misses you.
It was a potion of attraction.
You feel attractive to monsters.
The adder is no longer blind.
The orc is no longer blind.
The orc hits you but does no damage.
An ice beast comes into view.
The orc barely misses you. The orc priest is pulled toward you! x2
The ice beast is pulled toward you!
It was a potion of resistance.
You feel protected.
The orc is no longer blind.
The orc priest mumbles some strange prayers to Beogh against you.
You struggle to resist.
The endoplasm freezes you.
You are frozen.
You resist.
* * * LOW HITPOINT WARNING * * *
The orc hits you with a +0 club.
* * * LOW HITPOINT WARNING * * *
The ice beast is pulled toward you!
It was a potion of flight.
You feel very buoyant.
You fly up into the air.
The orc hits you with a +0 hand axe.
You die...

..)..#
#.........
.....#
#.........
.....#
#.........
.....#
#.........
.###.#
#.........
.# .#
#.....)...
.# .#
###o........
## .#
#oo.........
.
#@So........
#
#oJ..^.##...
# Yo.....#
.. #
........# #
.........# #
..........#
#
.........###
#
..........#


You could see an ice beast, 3 orc priests, an adder, 3 orcs and an endoplasm.

Vanquished Creatures
  Grinder (D:3)
  A wyvern zombie (D:3)
  Crazy Yiuf (D:2)
  Jessica (D:2)
  Natasha (twice) (D:2)
  3 adders
  An ufetubus (D:2)
  2 worms
  3 dart slugs
  An orc (D:3)
  7 ball pythons
  2 bats
  2 endoplasms (D:2)
  5 giant cockroaches
  8 goblins
  3 hobgoblins
  8 jackals
  3 quokkas
  5 frilled lizards
  6 kobolds
  6 rats
71 creatures vanquished.

Vanquished Creatures (others)
  A fulminant prism (D:3)
1 creature vanquished.

Grand Total: 72 creatures vanquished

Notes
Turn   | Place    | Note
-------+----------+-------------------------------------------
     0 | D:1      | snetch the Deep Elf Conjurer began the quest for the Orb.
     0 | D:1      | Reached XP level 1. HP: 10/10 MP: 6/6
   182 | D:1      | Reached XP level 2. HP: 15/15 MP: 2/8
   278 | D:1      | Learned a level 2 spell: Searing Ray
   363 | D:1      | Reached skill level 5 in Conjurations
   515 | D:1      | Found a faded altar of an unknown god.
  1063 | D:2      | Reached XP level 3. HP: 19/19 MP: 7/9
  1111 | D:2      | Learned a level 3 spell: Dazzling Flash
  1270 | D:2      | Found a sacrificial altar of Ru.
  1311 | D:2      | Noticed Jessica
  1315 | D:2      | Killed Jessica
  1369 | D:2      | Found a runed translucent door.
  1370 | D:2      | Noticed Crazy Yiuf
  1376 | D:2      | Killed Crazy Yiuf
  1377 | D:2      | Reached XP level 4. HP: 24/24 MP: 6/11
  1448 | D:2      | You fall into a shaft and drop 1 floor!
  1468 | D:3      | Found a runed translucent door.
  1470 | D:3      | Noticed LuckyCharm's ghost (weakling GnAM)
  1654 | D:3      | Reached skill level 1 in Armour
  1654 | D:3      | Reached skill level 6 in Conjurations
  1654 | D:3      | Reached XP level 5. HP: 14/28 MP: 2/13
  2059 | D:2      | Noticed Natasha
  2063 | D:2      | Killed Natasha
  2340 | D:2      | Learned a level 1 spell: Animate Skeleton
  2342 | D:2      | Learned a level 1 spell: Apportation
  2347 | D:2      | Learned a level 4 spell: Fulminant Prism
  2499 | D:2      | Noticed Natasha
  2503 | D:2      | Killed Natasha
  2504 | D:2      | Reached skill level 5 in Spellcasting
  2661 | D:3      | Noticed Grinder
  2668 | D:3      | Killed Grinder
  2669 | D:3      | Reached XP level 6. HP: 24/32 MP: 8/16
  3002 | D:3      | Noticed an ice beast
  3003 | D:3      | HP: 1/32 [orc/+0 club (1)]
  3004 | D:3      | Slain by an orc

Illustrated notes

Levels and vault maps discovered:
D:1:      dpeg_arrival_brainrot, layout_basic, ebering_ecumenical_altar_webs,
          minmay_nonomino_d4
D:2:      layout_basic, basic_altar, uniq_crazy_yiuf_cottage, uniq_jessica,
          uniq_natasha
D:3:      layout_basic, gammafunk_ghost_grave, chequers_serial_rivers_room_a,
          uniq_grinder
D:4:      layout_basic, minmay_temple_entry_sparse_star, ebering_ghost_gozag

Skill      XL: |  1  2  3  4  5 |
---------------+----------------+-----
Conjurations   | 5 6 |  6.7
Armour         | 1 2 |  2.0
Spellcasting   | 4 5 |  5.9
Dodging        | 3 |  3.0
Stealth        | |  2.8

Action                   |  1- 3 |  4- 6 || total
-------------------------+-------+-------++-------
Melee: Dagger            |     1 |       ||     1
       Staff             |     2 |       ||     2
 Cast: Magic Dart        |    60 |    68 ||   128
       Searing Ray       |     1 |     7 ||     8
       Fulminant Prism   |       |     1 ||     1
       Dazzling Flash    |       |     1 ||     1
  Use: Potion            |       |     4 ||     4
Armor: Robe              |     1 |       ||     1
       Leather armour    |     2 |     4 ||     6
Dodge: Dodged            |     9 |    11 ||    20

Table legend: (Time is in decaauts)
 A = Elapsed time spent in this place.
 B = Non-inter-level travel time spent in this place.
 C = Inter-level travel time spent in this place.
 D = Time resting spent in this place.
 E = Time spent auto-exploring this place.
 F = Levels seen in this place.
 G = Mean time per level.
                   A        B        C        D        E       F      G
               +--------+--------+--------+--------+--------+-----+--------+
         Total |   3019 |   2951 |     68 |      0 |   2296 |   4 |  754.8 |
       Dungeon |   3019 |   2951 |     68 |      0 |   2296 |   4 |  754.8 |
               +--------+--------+--------+--------+--------+-----+--------+

Top non-repeatable levels by time:
     D:2: 1252 daAuts
     D:1: 1049 daAuts
     D:3: 663 daAuts
     D:4: 54 daAuts
